AoeStats
← Rodrigo Lao Tse

Arabia

510421420Analyzed
1v1 RM · 1d ago on Sep 30, 2026· 38m 28s· 2 players
Game mode
Random Map
Map size
Tiny (2 player)
Population
200
Speed
Normal
Resources
Standard
Victory
Conquest
Starting age
Dark Age
Ending age
Imperial Age
RankedLock teamsTeams togetherTeam positionsShared explorationLock speedFull tech treeHidden civsTurbo modeCheats
Victory
Defeat
🇲🇽 Berbers · Mexico
827
+16
🇨🇱 Maya · Chile
836
-16
JamonRush
9:08 Loom
10:53 Feudal Age
12:03 Town Watch
16:11 Castle Age
19:18 Double-Bit Axe
21:34 Horse Collar
23:34 Heavy Plow
23:46 Bow Saw
23:03 Light Cavalry
25:18 Bloodlines
26:09 Wheelbarrow
26:43 Husbandry
26:49 Scale Barding Armor
27:50 Chain Barding Armor
28:26 Hand Cart
28:42 Hand Cart
31:14 Forging
34:51 Iron Casting
Rodrigo Lao Tse
0:27 Loom
10:01 Feudal Age
10:28 Double-Bit Axe
11:05 Horse Collar
20:49 Castle Age
19:22 Gold Mining
20:37 Wheelbarrow
19:48 Town Watch
20:52 Fletching
21:10 Padded Archer Armor
20:55 Pikeman
21:05 Elite Skirmisher
21:57 Stone Mining
22:28 Bow Saw
23:13 Heavy Plow
26:53 Squires
26:56 Bodkin Arrow
28:53 Leather Archer Armor
30:16 Hul'che Javelineers
Connection lost

Rejoining the realm…

Still unreachable

The connection could not be restored.

Session expired

The server has moved on; the page needs a fresh start.